 Dungeon Crawl Stone Soup version 0.21.0-25-ge575cb9ce8 (webtiles) character file.

224 Hat the Chopper (level 5, -8/46 HPs)
             Began as a Deep Dwarf Berserker on Jan 24, 2018.
             Was a Believer of Trog.
             Mangled by Menkaure (14 damage)
             ... on level 3 of the Dungeon.
             The game lasted 00:19:31 (2749 turns).

Hat the Chopper (Deep Dwarf Berserker)              Turns: 2749, Time: 00:19:32

Health: -8/46      AC:  9    Str: 22    XL:     5   Next: 67%
Magic:  5/5        EV:  7    Int:  7    God:    Trog [**....]
Gold:   113        SH:  8    Dex: 12    Spells: 4/4 levels left

rFire    . . .     SeeInvis .   a - +0 hand axe
rCold    . . .     Gourm    .   h - +0 shield
rNeg     . . .     Faith    .   b - +0 scale mail
rPois    .         Spirit   .   (no helmet)
rElec    .         Reflect  .   f - +0 cloak
rCorr    .         Harm     .   (no gloves)
MR       ++...                  n - +1 pair of boots
Stlth    ..........             l - amulet of regeneration
HPRegen  1.00/turn              (no ring)
MPRegen  0.09/turn              (no ring)

@: non-regenerating
A: damage resistance, heal wounds, sense surroundings 1, no regeneration
a: Heal Wounds, Berserk, Trog's Hand, Burn Spellbooks, Renounce Religion


You were on level 3 of the Dungeon.
You worshipped Trog.
Trog was pleased with you.
You were very hungry.

You visited 1 branch of the dungeon, and saw 4 of its levels.

You collected 113 gold pieces.

Inventory:

Hand Weapons
 a - a +0 hand axe (weapon)
 q - a cursed +1 war axe
Armour
 b - a +0 scale mail (worn)
 f - a +0 cloak (worn)
 h - a +0 shield (worn)
 n - a +1 pair of boots (worn)
Jewellery
 l - an amulet of regeneration (around neck)
Scrolls
 e - 4 scrolls of identify
 j - 3 scrolls of teleportation
 p - 2 scrolls of remove curse
Potions
 d - 4 potions of degeneration
 i - a potion of cancellation
 k - a potion of agility
Comestibles
 c - 8 rations
 g - a chunk of flesh


   Skills:
 - Level 2.6 Fighting
 + Level 7.1 Axes
 - Level 2.1 Armour
 - Level 2.1 Dodging
 - Level 0.3 Shields


You had 4 spell levels left.
You didn't know any spells.

Dungeon Overview and Level Annotations

Branches:
Dungeon (4/15)             Temple (0/1) D:4

Altars:

Shops:
D:4 }

Annotations:
D:3 Menkaure


Innate Abilities, Weirdness & Mutations

You are resistant to damage.
You can heal yourself by infusing magical energy.
You passively map a small area around you.
You do not regenerate.


Message History

You hit Menkaure.
Menkaure is moderately damaged.
Menkaure hits you but does no damage.
You slash Menkaure!
Menkaure is severely damaged.
Menkaure closely misses you. Menkaure hits you but does no damage.
You hit Menkaure but do no damage.
Menkaure is severely damaged.
Menkaure calls on the powers of darkness!
Your body is wracked with pain!
* * * LOW HITPOINT WARNING * * *
You hit Menkaure but do no damage.
Menkaure is severely damaged.
You feel the effects of Trog's Hand fading.
Menkaure hits you!
* * * LOW HITPOINT WARNING * * *
Your shield prevents you from hitting Menkaure.
Menkaure is severely damaged.
Menkaure hits you!
You die...

#...# #.##.##.# #.......#
#...# #.......###########
#...# ####.##.....<.#
########.## #.##.......#
#....รท...# ####.##.......##
#.########
#..............#### #.####
#.##............... .....#
########.#####.......#####
####.###.#.))[..@%.##.......#
#.##....####M##.##.......#
#.......## #.##.##.#######
#.##...<.###.......#
####.###.....#####.####
.....###....## ###.#####
#.###.......# #.......# #.#
#.......# #..#.##.# ..#
#.......# #.###.#.#


You could see Menkaure.

Vanquished Creatures
  A scorpion (D:3)
  An orc wizard (D:3)
  A worker ant (D:4)
  8 adders
  A worm (D:3)
  A dart slug (D:1)
  2 leopard geckos
  5 orcs
  11 bats
  4 giant cockroaches
  14 goblins
  9 hobgoblins
  4 kobolds
  A quokka (D:2)
  2 ball pythons
  5 frilled lizards
  3 rats
73 creatures vanquished.

Notes
Turn   | Place    | Note
-------+----------+-------------------------------------------
     0 | D:1      | Hat the Deep Dwarf Berserker began the quest for the Orb.
     0 | D:1      | Reached XP level 1. HP: 20/20 MP: 1/1
   214 | D:1      | Reached skill level 4 in Axes
   214 | D:1      | Reached XP level 2. HP: 17/27 MP: 2/2
  1106 | D:2      | Reached XP level 3. HP: 33/33 MP: 3/3
  1379 | D:2      | Reached skill level 5 in Axes
  1601 | D:2      | Reached XP level 4. HP: 40/40 MP: 4/4
  1886 | D:4      | Noticed a phantom
  1899 | D:3      | Reached ** piety under Trog
  2046 | D:3      | Reached skill level 6 in Axes
  2046 | D:3      | Reached XP level 5. HP: 28/46 MP: 5/5
  2081 | D:4      | Found Kuag's Gadget Shoppe.
  2663 | D:4      | Noticed Menkaure
  2704 | D:3      | Reached skill level 7 in Axes
  2749 | D:3      | Mangled by Menkaure

Skill      XL: |  1  2  3  4  5 |
---------------+----------------+-----
Axes           | 4 5 6 7 |  7.1
Fighting       | |  2.6
Armour         | |  2.1
Dodging        | |  2.1
Shields        | |  0.3

Action                   |  1- 3 |  4- 6 || total
-------------------------+-------+-------++-------
Melee: Hand axe          |   119 |   196 ||   315
Invok: Trog's Hand       |       |     5 ||     5
  Use: Scroll            |     5 |     3 ||     8
       Potion            |     3 |     2 ||     5
 Stab: Sleeping          |     1 |       ||     1
  Eat: Chunk             |     2 |     5 ||     7
Armor: Animal skin       |    14 |       ||    14
       Scale mail        |    23 |    97 ||   120
       Ring mail         |     3 |       ||     3
Dodge: Dodged            |    55 |    42 ||    97
Block: Shield            |    20 |    73 ||    93
